 Dungeon Crawl Stone Soup version 0.30.1-11-g7821555f0a (webtiles) character file.

Game seed: 1938414161576326568

40 u8823 the Gusty (level 3, -1/19 HPs)
             Began as a Tengu Air Elementalist on Nov 10, 2023.
             Slain by a gnoll
             ... wielding a +0 whip
              (9 damage)
             ... on level 2 of the Dungeon.
             The game lasted 00:05:15 (1736 turns).

u8823 the Gusty (Tengu Air Elementalist)            Turns: 1736, Time: 00:05:16

Health: -1/19      AC:  2    Str:  8    XL:     3   Next: 50%
Magic:  7/7        EV: 13    Int: 17    God:
Gold:   11         SH:  0    Dex: 14    Spells: 0/6 levels left

rFire   . . .        d - +0 whip
rCold   . . .        (no shield)
rNeg    . . .        a - +0 robe
rPois   .            (helmet restricted)
rElec   .            (no cloak)
rCorr   .            (no gloves)
SInv    .            (boots unavailable)
Will    .....        (no amulet)
Stlth   ++           (no ring)
HPRegen 0.23/turn    (no ring)
MPRegen 0.10/turn

%: no passive effects
@: no status effects
A: beak, talons 3
a: no special abilities


You were on level 2 of the Dungeon.
You visited 1 branch of the dungeon, and saw 2 of its levels.

You collected 11 gold pieces.

Inventory:

Hand Weapons
 d - a +0 whip (weapon)
Missiles
 h - a throwing net
Armour
 a - a +0 robe (worn)
Magical Staves
 j - a staff of cold
Scrolls
 g - 2 scrolls of identify
 i - 2 scrolls of immolation
Potions
 b - a potion of magic
 c - 3 potions of heal wounds
 e - 2 potions of berserk rage {unknown}
 k - 2 potions of might
 l - a potion of flight


   Skills:
 * Level 3.0 Dodging
 - Level 2.0 Stealth
 + Level 2.3 Spellcasting
 + Level 2.1 Conjurations
 * Level 4.7 Air Magic


You couldn't memorise any spells.
You knew the following spells:

 Your Spells              Type           Power      Damage    Failure   Level
a - Shock                 Conj/Air       52%        1d6       4%          1
b - Static Discharge      Conj/Air       26%        2-4/arc   7%          2
c - Swiftness             Air            18%        N/A       9%          3

Your spell library contained the following spells:

 Spells                   Type           Power      Damage    Failure   Level
 Airstrike                Air            9%         2d(2-18)  26%         4
 Scorch                   Fire           2%         2d5       28%         2
 Flame Wave               Conj/Fire      5%         2d5       77%         4
 Summon Cactus Giant      Summ           0%         N/A       100%        6


Dungeon Overview and Level Annotations

Branches:
Dungeon (2/15)

Altars:


Innate Abilities, Weirdness & Mutations

You have a beak for a mouth.
You have claws for feet.


Message History

Magic restored.
You climb downwards.
There is a stone staircase leading up here.
Casting: Shock (safe; 4% risk of failure)
Confirm with . or Enter, or press ? or * to list all spells.
Aiming: Shock (safe; 4% risk of failure)
Press: ? - help, Shift-Dir - straight line, f - worm
Aim: a worm (89% to hit)
The zap hits the worm.
The worm is moderately wounded.
Casting: Shock (safe; 4% risk of failure)
Confirm with . or Enter, or press ? or * to list all spells.
The worm is struck by an arc of lightning.
The worm is heavily wounded.
You are struck by an arc of lightning.
The worm is struck by an arc of lightning.
The worm is severely wounded.
The lightning grounds out.
The worm bites you!
Ouch! That really hurt!
* * * LOW HITPOINT WARNING * * *
There is a stone staircase leading up here.
Okay, then.
You climb upwards.
There is a stone staircase leading down here.
You start resting.
Magic restored.
You start resting.
You start resting.
HP restored.
There is a stone staircase leading down here.
You climb downwards.
The gnoll shouts! x2; The hobgoblin shouts!
The gnoll shouts!
The gnoll hits you from afar with a +0 spear.
The gnoll barely misses you.
Found an escape hatch in the ceiling.
Found a stone staircase leading down.
There is a stone staircase leading up here.
The gnoll misses you.
The gnoll hits you from afar with a +0 spear!
The gnoll hits you with a +0 whip!
You die...

#........#.#
#.......##.#
##....##....#
........###..
..##.##.###.#
#...#.#
######....
########
.........##
#.gg@..#
#.########
#.g.g....#
#..........#
#...g..#####
#>...<.#
#......#
########


You could see 4 gnolls and a hobgoblin.

Vanquished Creatures
  An adder (D:2)
  A dart slug (D:1)
  An orc (D:2)
  2 endoplasms
  4 giant cockroaches
  4 hobgoblins
  4 ball pythons
  A frilled lizard (D:1)
  4 kobolds (D:1)
  6 rats
28 creatures vanquished.

Notes
Turn   | Place    | Note
-------+----------+-------------------------------------------
     0 | D:1      | u8823 the Tengu Air Elementalist began the quest for the
                  | Orb.
     0 | D:1      | Reached XP level 1. HP: 10/10 MP: 4/4
   176 | D:1      | Found a faded altar of an unknown god.
   386 | D:1      | Reached XP level 2. HP: 15/15 MP: 0/6
   448 | D:1      | Learned a level 2 spell: Static Discharge
  1356 | D:2      | Reached XP level 3. HP: 19/19 MP: 5/7
  1360 | D:2      | Learned a level 3 spell: Swiftness
  1736 | D:2      | Slain by a gnoll

Illustrated notes

Levels and vault maps discovered:
D:1:      dpeg_arrival_line_fractal, layout_basic,
          shapermc_ecumenical_altar_flowoftime
D:2:      minmay_spotlight, layout_rooms

Skill      XL: |  1  2  3 |
---------------+----------+-----
Conjurations   | 2 |  2.1
Dodging        | 3 |  3.0
Stealth        | |  2.0
Spellcasting   | |  2.3
Air Magic      | |  4.7

Action                     || total
---------------------------++-------
  Melee: Whip              ||     6
         Kick              ||     1
   Cast: Shock             ||    62
         Static Discharge  ||     1
    Use: Scroll            ||     6
  Dodge: Dodged            ||     8
